 Dungeon Crawl Stone Soup version 0.24.0-1-gfbc8707 (webtiles) character file.

Game seed: 5391699226445385331, levelgen mode: deterministic

92346 bonscott the Thaumaturge (level 16, 0/123 HPs)
             Began as a Gnoll Necromancer on Oct 26, 2019.
             Was a High Priest of Cheibriados.
             Slain by a shambling mangrove (14 damage)
             ... on level 1 of the Swamp.
             The game lasted 04:38:06 (30351 turns).

bonscott the Thaumaturge (Gnoll Necromancer)       Turns: 30351, Time: 04:38:08

Health: 0/123      AC: 20    Str: 29    XL:     16   Next: 5%
Magic:  0/31       EV: 19    Int: 41    God:    Cheibriados [*****.]
Gold:   33         SH: 16    Dex: 29    Spells: 6/37 levels left

rFire    + + +     SeeInvis .   a - +2 double sword (holy)
rCold    . . .     Gourm    .   s - +2 shield
rNeg     . . .     Faith    .   y - quicksilver dragon scales of Proximity {*Corrode rF+ MR+ Int+7}
rPois    +         Spirit   +   X - +2 helmet
rElec    .         Reflect  .   L - scarf {cloud immunity}
rCorr    .         Harm     .   (no gloves)
MR       ++...                  z - +2 pair of boots
Stlth    ++++......             r - amulet of guardian spirit
HPRegen  1.30/turn              D - ring of poison resistance
MPRegen  0.22/turn              t - ring of the Tempest {Wiz rF++ Int+2 Stlth-}

@: grasped by roots, regenerating, constricted, invisible, very slow
A: distributed training, fangs 1, strong nose
a: Bend Time, Temporal Distortion, Slouch, Step From Time, Renounce Religion


You were on level 1 of the Swamp.
You worshipped Cheibriados.
Cheibriados was extremely pleased with you.
You were near starving.

You visited 5 branches of the dungeon, and saw 25 of its levels.

You collected 2789 gold pieces.
You spent 2756 gold pieces at shops.

Inventory:

Hand Weapons
 a - a +2 double sword of holy wrath (weapon)
 b - the +9 hand crossbow "Unnaannu" {elec, Dex+2}
   (You bought it in a shop on level 2 of the Orcish Mines)

   It charges the ammunition it shoots with electricity; occasionally upon a
   hit, such missiles may discharge and cause terrible harm.
   It affects your dexterity (+2).
 p - a +2 dagger of electrocution
 E - a +4 scimitar of flaming
Missiles
 g - 113 bolts
 k - 560 stones (quivered)
 B - 5 throwing nets
 C - 7 boomerangs of dispersal
 G - 57 poisoned darts
 I - 7 javelins
 N - 4 silver javelins
 R - 21 atropa-tipped darts
 W - 21 boomerangs
Armour
 s - a +2 shield (worn)
 y - the quicksilver dragon scales of Proximity (worn) {*Corrode rF+ MR+ Int+7}
   (You bought it in a shop on level 2 of the Orcish Mines)

   It affects your intelligence (+7).
   It protects you from fire.
   It affects your resistance to hostile enchantments.
   It may corrode you when you take damage.
 z - a +2 pair of boots (worn)
 L - a scarf of cloud immunity (worn)
 X - a +2 helmet (worn)
Magical Staves
 U - an uncursed staff of energy
Jewellery
 r - an amulet of guardian spirit (around neck)
 t - the ring of the Tempest (right hand) {Wiz rF++ Int+2 Stlth-}
   (You found it on level 2 of the Lair of Beasts)

   [ring of wizardry]

   It improves your spell success rate.
   It affects your intelligence (+2).
   It greatly protects you from fire.
   It makes you less stealthy.
 A - a +3 ring of protection
 D - a ring of poison resistance (left hand)
 F - an uncursed ring of positive energy
 O - an uncursed ring of resist corrosion
Wands
 e - a wand of acid (4)
 j - a wand of digging (10)
 m - a wand of scattershot (10)
 o - a wand of iceblast (13)
 V - a wand of disintegration (15)
Scrolls
 i - 8 scrolls of teleportation
 n - 4 scrolls of immolation
 x - 3 scrolls of fog
 M - 2 scrolls of identify
 P - 11 scrolls of remove curse
Potions
 d - 3 potions of flight
 h - a potion of invisibility
 q - 2 potions of resistance
 u - 8 potions of curing
 w - 3 potions of brilliance
 H - 4 potions of mutation
 J - a potion of lignification
 K - 5 potions of might
 Q - 2 potions of cancellation
 T - a potion of magic
 Z - 4 potions of agility
Miscellaneous
 f - a lightning rod (4/4)
 l - a fan of gales
 S - a phantom mirror
Comestibles
 c - 50 rations


   Skills:
 + Level 10.3 Fighting
 + Level 10.3 Short Blades
 + Level 10.3 Long Blades
 + Level 10.3 Axes
 + Level 10.3 Maces & Flails
 + Level 10.3 Polearms
 + Level 10.3 Staves
 + Level 10.3 Slings
 + Level 10.3 Bows
 + Level 10.3 Crossbows
 + Level 10.3 Throwing
 + Level 10.3 Armour
 + Level 11.2 Dodging
 + Level 11.1 Stealth
 + Level 10.3 Shields
 + Level 10.3 Unarmed Combat
 + Level 11.4 Spellcasting
 + Level 8.7 Conjurations
 + Level 8.7 Hexes
 + Level 8.7 Charms
 + Level 8.7 Summonings
 + Level 11.1 Necromancy
 + Level 8.7 Translocations
 + Level 8.7 Transmutations
 + Level 8.7 Fire Magic
 + Level 8.7 Ice Magic
 + Level 8.7 Air Magic
 + Level 8.7 Earth Magic
 + Level 8.7 Poison Magic
 + Level 11.2 Invocations
 + Level 10.3 Evocations


You had 6 spell levels left.
You knew the following spells:

 Your Spells              Type           Power        Failure   Level  Hunger
a - Apportation           Tloc           ######       1%          1    None
b - Poisonous Vapours     Pois/Air       ######       1%          2    None
c - Confuse               Hex            #######.     1%          3    None
d - Animate Dead          Necr           N/A          1%          4    None
f - Force Lance           Conj/Tloc      #######.     1%          4    None
g - Shroud of Golubria    Chrm/Tloc      ######       1%          2    None
m - Mephitic Cloud        Conj/Pois/Air  #######.     1%          3    None
r - Regeneration          Chrm/Necr      #######...   1%          3    None
s - Animate Skeleton      Necr           N/A          1%          1    None
t - Tukima's Dance        Hex            #######.     1%          3    None
A - Aura of Abjuration    Summ           #######...   1%          5    None

Your spell library contained the following spells:

 Spells                   Type           Power        Failure   Level  Hunger
 Corona                   Hex            #######      1%          1    None
 Pain                     Necr           ####         1%          1    None
 Summon Small Mammal      Summ           ####         1%          1    None
 Ensorcelled Hibernation  Hex/Ice        ######       1%          2    None
 Call Canine Familiar     Summ           #######.     1%          3    None
 Conjure Flame            Conj/Fire      #######.     1%          3    None
 Dazzling Spray           Conj/Hex       ######       1%          3    None
 Summon Guardian Golem    Hex/Summ       #######.     1%          3    None
 Vampiric Draining        Necr           #######...   1%          3    None
 Bolt of Magma            Conj/Fire/Erth #######...   1%          5    None
 Iskenderun's Battlesphe  Conj/Chrm      #######.     1%          5    None
 Venom Bolt               Conj/Pois      #######...   1%          5    None
 Freezing Cloud           Conj/Ice/Air   #######...   6%          6    ###....
 Iron Shot                Conj/Erth      #######...   6%          6    ###....
 Orb of Destruction       Conj           #######...   32%         7    #####..
 Ring of Flames           Chrm/Fire      #######...   32%         7    #####..
 Spellforged Servitor     Conj/Summ      #######...   32%         7    #####..


Dungeon Overview and Level Annotations

Branches:
Dungeon (15/15)            Temple (1/1) D:7            Lair (6/6) D:10
  Swamp (1/4) Lair:4        Snake (0/4) Lair:2        Slime (0/5) Lair:6
    Orc (2/2) D:11            Elf (0/3) Orc:2        Vaults (0/5) D:13
 Depths (0/5) D:15

Altars:
Ashenzari
Cheibriados
Dithmenos
Elyvilon
Fedhas
Gozag
Hepliaklqana
Makhleb
Nemelex Xobeh
Okawaru
Qazlal
Ru
Trog
Uskayaw
Vehumet
Xom
Yredelemnul
Zin
The Shining One
Jiyva

Shops:
D:4 *   D:5 [   D:10 *   D:11 !   D:12 (   Orc:2 *:([

Annotations:
D:15 3 runed translucent doors, exclusion: obsidian statue
Lair:2 Qucvyi Areg's ghost, journeyman DrTm


Innate Abilities, Weirdness & Mutations

Your experience applies equally to all skills.
You have very sharp teeth.
Your uncanny sense of smell can sniff out nearby items.


Message History

You hit the shambling mangrove but do no damage.
The shambling mangrove is almost destroyed.
The hornet barely misses you. You block the hornet's attack. x3
The shambling mangrove hits you!!
* * * LOW HITPOINT WARNING * * *
Your shroud falls apart!
The grasping roots constrict you.
Okay, then.
Okay, then.
Okay, then.
Press: ? - help, v - describe, . - travel
Here: a hornet Some shallow water.
You fade into invisibility!
You block the hornet's attack. The hornet completely misses you.
You riposte.
You closely miss the hornet. You bite the hornet.
The hornet is lightly wounded.
The hornet misses you. x2; You riposte.
You barely miss the hornet. You bite the hornet, but do no damage.
The shambling mangrove misses you.
You die...

≈≈≈≈≈..
.≈≈≈≈..
≈..≈≈.≈
≈...≈.. ∆
.≈§♣...♣♣
≈.♣♣§≈≈..≈♣
≈≈♣≈..≈.fy♣
♣......y@♣♣
∆
♣♣..≈..≈y..♣
.....§.≈≈≈.♣
.≈≈.≈≈≈...≈♣
.≈≈.≈≈≈≈.♣♣♣
≈≈≈..≈≈<.♣
....≈≈≈.♣♣♣
≈≈.≈♣♣♣≈..♣♣
≈≈≈♣♣♣♣≈...♣


You could see a shambling mangrove and 3 hornets.

Vanquished Creatures
  Gastronok (Lair:1)
  Donald (Orc:2)
  2 orc warlords (Orc:1)
  An ironheart preserver (D:13)
  A dire elephant (Lair:5)
  Erolcha (D:10)
  Harold (Orc:1)
  7 hydras
  Erica (D:10)
  A centaur warrior (D:15)
  3 two-headed ogres
  A merfolk avatar (Lair:6)
  A tengu warrior (D:13)
  5 death yaks (Lair:6)
  3 orc high priests (Orc:2)
  5 skeletal warriors (D:13)
  A harpy (Lair:6)
  Pikel (D:9)
  A wolf spider zombie (D:14)
  2 deep elf magi
  2 ugly things
  4 orc knights
  2 oklob plants
  A cyclops (D:14)
  4 orc sorcerers
  24 elephants
  3 black mambas
  A torpor snail (Lair:2)
  5 komodo dragons
  9 spiny frogs
  4 kobold demonologists
  An efreet (D:13)
  3 rime drakes
  A tyrant leech (Swamp:1)
  11 trolls
  Grinder (D:5)
  A wind drake (Lair:6)
  3 meliai (D:15)
  8 polar bears
  3 hornets
  2 bog bodies (Lair:4)
  6 hippogriffs
  22 blink frogs
  2 slime creatures (D:15)
  A water elemental (D:14)
  2 vampires
  Sigmund (D:3)
  2 wraiths (D:10)
  2 hungry ghosts
  6 wyverns
  47 yaks
  A basilisk (D:15)
  6 vampire mosquitoes
  A soldier ant (D:12)
  A swamp worm (Swamp:1)
  7 wargs
  An acid dragon (D:12)
  6 porcupines
  10 water moccasins
  A swamp drake (D:11)
  10 black bears
  38 orc warriors
  2 slaves (D:7)
  3 ice beasts
  4 sky beasts
  4 necrophages
  3 phantoms
  2 eyes of draining
  11 wolves
  18 centaurs
  9 ogres
  13 crocodiles
  5 big kobolds
  9 bullfrogs
  3 scorpions
  10 killer bees
  21 wights
  A vampire bat (Lair:1)
  3 electric eels
  8 crimson imps
  A howler monkey (D:4)
  2 bullfrog zombies
  2 centaur zombies
  26 orc priests
  8 jellies
  7 centaur skeletons
  6 hounds
  27 orc wizards
  8 iguanas
  Natasha (thrice) (D:4)
  7 worker ants
  A killer bee zombie (D:8)
  A mummy (D:8)
  A howler monkey zombie (D:6)
  9 adders
  A shadow imp (D:6)
  18 oozes
  2 adder zombies
  An adder skeleton (D:5)
  A worm (shapeshifter) (D:14)
  6 dart slugs
  4 worms
  10 leopard geckos
  90 orcs
  6 giant cockroaches
  14 goblins
  8 hobgoblins
  4 jackals (D:1)
  5 quokkas
  A ball python (D:2)
  A ball python zombie (D:5)
  22 bats
  7 frilled lizards
  A jackal skeleton (D:7)
  A jackal zombie (D:5)
  19 kobolds
  A leopard gecko skeleton (D:4)
  7 rats
  A fungus (Lair:4)
  A plant (Lair:1)
776 creatures vanquished.

Vanquished Creatures (collateral kills)
  An orc warlord (Orc:2)
  2 two-headed ogres
  2 orc knights
  2 orc sorcerers
  A troll (Orc:2)
  14 orc warriors
  A necrophage (D:8)
  A centaur (D:15)
  An ogre (Orc:1)
  3 orcs (Orc:1)
28 creatures vanquished.

Vanquished Creatures (others)
  A hippogriff (Lair:6)
  8 dancing weapons
  Menkaure (D:7)
  3 bushes (Lair:6)
  5 fungi
  2 plants (Lair:6)
20 creatures vanquished.

Grand Total: 824 creatures vanquished

Notes
Turn   | Place    | Note
-------+----------+-------------------------------------------
     0 | D:1      | bonscott the Gnoll Necromancer began the quest for the Orb.
     0 | D:1      | Reached XP level 1. HP: 13/13 MP: 6/6
   214 | D:1      | Reached XP level 2. HP: 15/19 MP: 3/7
   594 | D:1      | Reached XP level 3. HP: 25/25 MP: 9/9
   628 | D:1      | Reached skill level 5 in Spellcasting
   919 | D:1      | Learned a level 3 spell: Regeneration
   995 | D:1      | Reached skill level 1 in Invocations
  1499 | D:2      | Found a sacrificial altar of Ru.
  1525 | D:2      | Reached skill level 1 in Fighting
  1525 | D:2      | Reached skill level 1 in Short Blades
  1525 | D:2      | Reached skill level 1 in Long Blades
  1525 | D:2      | Reached skill level 1 in Axes
  1525 | D:2      | Reached skill level 1 in Maces & Flails
  1525 | D:2      | Reached skill level 1 in Polearms
  1525 | D:2      | Reached skill level 1 in Staves
  1525 | D:2      | Reached skill level 1 in Slings
  1525 | D:2      | Reached skill level 1 in Bows
  1525 | D:2      | Reached skill level 1 in Crossbows
  1525 | D:2      | Reached skill level 1 in Throwing
  1525 | D:2      | Reached skill level 1 in Armour
  1525 | D:2      | Reached skill level 1 in Shields
  1525 | D:2      | Reached skill level 1 in Unarmed Combat
  1525 | D:2      | Reached skill level 1 in Evocations
  1627 | D:2      | Found an iron altar of Okawaru.
  1637 | D:2      | Reached XP level 4. HP: 31/32 MP: 8/11
  1640 | D:2      | Found a shimmering altar of Xom.
  1797 | D:2      | Found a stormy altar of Qazlal.
  1988 | D:2      | Found a sacrificial altar of Ru.
  2527 | D:3      | Learned a level 4 spell: Animate Dead
  2749 | D:3      | Noticed Sigmund
  2833 | D:2      | Reached skill level 1 in Conjurations
  2833 | D:2      | Reached skill level 1 in Hexes
  2833 | D:2      | Reached skill level 1 in Charms
  2833 | D:2      | Reached skill level 1 in Summonings
  2833 | D:2      | Reached skill level 1 in Translocations
  2833 | D:2      | Reached skill level 1 in Transmutations
  2833 | D:2      | Reached skill level 1 in Fire Magic
  2833 | D:2      | Reached skill level 1 in Ice Magic
  2833 | D:2      | Reached skill level 1 in Air Magic
  2833 | D:2      | Reached skill level 1 in Earth Magic
  2833 | D:2      | Reached skill level 1 in Poison Magic
  2833 | D:2      | Reached XP level 5. HP: 20/37 MP: 2/12
  3070 | D:3      | Killed Sigmund
  3070 | D:3      | Reached XP level 6. HP: 34/44 MP: 2/14
  3322 | D:3      | Reached skill level 5 in Dodging
  3471 | D:4      | Noticed a black bear
  3482 | D:4      | Killed a black bear
  4002 | D:4      | Noticed Natasha
  4007 | D:4      | Killed Natasha
  4007 | D:4      | Reached XP level 7. HP: 45/50 MP: 10/15
  4014 | D:4      | Found a bloodstained altar of Trog.
  4034 | D:4      | Found Qohebad's Assorted Antiques.
  4052 | D:4      | Found a hazy altar of Hepliaklqana.
  4232 | D:4      | Noticed Natasha
  4239 | D:4      | Killed Natasha
  4360 | D:4      | Found a blossoming altar of Fedhas.
  4453 | D:4      | Noticed Natasha
  4458 | D:4      | Killed Natasha
  4640 | D:5      | Entered Level 5 of the Dungeon
  4803 | D:5      | Noticed Grinder
  4806 | D:5      | Paralysed by Grinder for 4 turns
  4823 | D:5      | Paralysed by Grinder for 6 turns
  4831 | D:5      | Killed Grinder
  4831 | D:5      | Reached skill level 5 in Stealth
  4831 | D:5      | Reached XP level 8. HP: 46/57 MP: 7/16
  4946 | D:5      | Noticed a yak
  4960 | D:5      | Noticed a yak
  4962 | D:5      | Noticed a yak
  5956 | D:5      | Found a sacrificial altar of Ru.
  6245 | D:5      | Found Hanenec's Antique Armour Boutique.
  7814 | D:6      | Reached XP level 9. HP: 49/65 MP: 7/18
  8032 | D:7      | Found a staircase to the Ecumenical Temple.
  8039 | Temple   | Entered the Ecumenical Temple
  8113 | Temple   | Became a worshipper of Cheibriados the Contemplative
  8261 | D:7      | Noticed Pikel
  8264 | D:7      | Noticed Menkaure
  8631 | D:9      | Killed Pikel
  9531 | D:9      | Noticed a two-headed ogre
  9802 | D:9      | Reached skill level 5 in Invocations
  9980 | D:9      | Killed a two-headed ogre
  9980 | D:9      | Reached XP level 10. HP: 70/73 MP: 18/20
 10118 | D:7      | Killed Menkaure
 10400 | D:8      | Reached skill level 5 in Fighting
 10400 | D:8      | Reached skill level 5 in Short Blades
 10400 | D:8      | Reached skill level 5 in Long Blades
 10400 | D:8      | Reached skill level 5 in Axes
 10400 | D:8      | Reached skill level 5 in Maces & Flails
 10400 | D:8      | Reached skill level 5 in Polearms
 10400 | D:8      | Reached skill level 5 in Staves
 10400 | D:8      | Reached skill level 5 in Slings
 10400 | D:8      | Reached skill level 5 in Bows
 10400 | D:8      | Reached skill level 5 in Crossbows
 10400 | D:8      | Reached skill level 5 in Throwing
 10400 | D:8      | Reached skill level 5 in Armour
 10400 | D:8      | Reached skill level 5 in Shields
 10400 | D:8      | Reached skill level 5 in Unarmed Combat
 10400 | D:8      | Reached skill level 5 in Evocations
 10486 | D:8      | Reached * piety under Cheibriados
 11914 | D:9      | Reached ** piety under Cheibriados
 12119 | D:9      | Identified the +3 spear "Yhauly Vixu" {flame, Int+2}
 12181 | D:9      | Learned a level 2 spell: Poisonous Vapours
 12241 | D:10     | Entered Level 10 of the Dungeon
 12477 | D:10     | Reached XP level 11. HP: 81/81 MP: 22/22
 12539 | D:10     | Noticed Erolcha
 12552 | D:10     | Killed Erolcha
 12917 | D:10     | Reached *** piety under Cheibriados
 13143 | D:10     | Reached skill level 5 in Conjurations
 13143 | D:10     | Reached skill level 5 in Hexes
 13143 | D:10     | Reached skill level 5 in Charms
 13143 | D:10     | Reached skill level 5 in Summonings
 13143 | D:10     | Reached skill level 5 in Translocations
 13143 | D:10     | Reached skill level 5 in Transmutations
 13143 | D:10     | Reached skill level 5 in Fire Magic
 13143 | D:10     | Reached skill level 5 in Ice Magic
 13143 | D:10     | Reached skill level 5 in Air Magic
 13143 | D:10     | Reached skill level 5 in Earth Magic
 13143 | D:10     | Reached skill level 5 in Poison Magic
 13434 | D:10     | Found a staircase to the Lair.
 13551 | D:10     | Learned a level 3 spell: Mephitic Cloud
 13632 | D:10     | Found Heboceum's Island Escapes.
 13889 | D:10     | Noticed Erica
 13893 | D:10     | Killed Erica
 14073 | D:11     | Reached **** piety under Cheibriados
 14398 | D:11     | Learned a level 3 spell: Tukima's Dance
 14529 | D:11     | Found Jatozutt's Distillery.
 14549 | D:11     | Bought a potion of agility for 52 gold pieces
 14549 | D:11     | Bought a potion of might for 52 gold pieces
 14549 | D:11     | Bought a potion of brilliance for 52 gold pieces
 14870 | D:11     | Found a staircase to the Orcish Mines.
 14958 | D:11     | Noticed a green ugly thing
 14980 | D:11     | Killed a green ugly thing
 15506 | D:11     | Got an encrusted war axe
 15507 | D:11     | Identified the cursed +1 war axe of Hepliaklqana's Hope
                  | {elec, rPois Str-2 Dex+4} (You found it on level 11 of the
                  | Dungeon)
 15969 | D:12     | Reached XP level 12. HP: 47/89 MP: 5/24
 16080 | D:12     | Noticed a two-headed ogre
 16093 | D:12     | Killed a two-headed ogre
 16445 | D:12     | Found Enaraugh's Weapon Boutique.
 16741 | D:13     | Noticed a two-headed ogre
 16753 | D:13     | Killed a two-headed ogre
 16960 | D:13     | Found a gate to the Vaults.
 16960 | D:13     | Noticed an ironheart preserver
 17202 | D:13     | Killed an ironheart preserver
 17288 | D:13     | Noticed a tengu warrior
 17294 | D:13     | Noticed a four-headed hydra
 17304 | D:13     | Killed a tengu warrior
 18030 | D:14     | Noticed a six-headed hydra
 18045 | D:13     | Killed a six-headed hydra
 18193 | D:13     | Reached XP level 13. HP: 87/98 MP: 11/26
 19706 | D:14     | Reached ***** piety under Cheibriados
 20065 | D:14     | Learned a level 3 spell: Confuse
 20066 | D:15     | Entered Level 15 of the Dungeon
 20195 | D:15     | Reached skill level 10 in Necromancy
 20236 | D:15     | Found a staircase to the Depths.
 20271 | D:15     | Found a runed translucent door.
 20487 | D:15     | Found a runed translucent door.
 20502 | D:15     | Found a runed translucent door.
 20509 | D:15     | Found a runed translucent door.
 21461 | Orc:1    | Entered Level 1 of the Orcish Mines
 21756 | Orc:1    | Noticed an orc warlord
 21789 | Orc:1    | Killed an orc warlord
 21789 | Orc:1    | Reached skill level 10 in Spellcasting
 21790 | Orc:1    | Reached XP level 14. HP: 78/106 MP: 2/28
 22140 | Orc:1    | Noticed an orc warlord
 22178 | Orc:1    | Killed an orc warlord
 22205 | Orc:1    | Learned a level 1 spell: Animate Skeleton
 22216 | Orc:1    | Noticed Harold
 22233 | Orc:1    | Killed Harold
 22378 | Orc:2    | Entered Level 2 of the Orcish Mines
 22380 | Orc:2    | Found an iron altar of Okawaru.
 22382 | Orc:2    | Reached skill level 10 in Dodging
 22440 | Orc:2    | Found Cousulul's Book Emporium.
 22941 | Orc:2    | Found Edybbyke's Antique Armour Emporium.
 23234 | Orc:2    | Paralysed by an orc sorcerer for 4 turns
 23425 | Orc:2    | Bought Sif Muna's Incunabulum of the Entourage and
                  | Dislocation for 650 gold pieces
 23427 | Orc:2    | Learned a level 1 spell: Apportation
 23432 | Orc:2    | Learned a level 4 spell: Force Lance
 23439 | Orc:2    | Learned a level 5 spell: Aura of Abjuration
 23440 | Orc:2    | Found a staircase to the Elven Halls.
 23543 | Orc:2    | Reached skill level 10 in Stealth
 23604 | Orc:2    | Noticed an orc warlord
 23623 | Orc:2    | Killed an orc warlord
 23751 | Orc:2    | Found Busafeng's General Store.
 23821 | Orc:2    | Bought a potion of heal wounds for 65 gold pieces
 23892 | Orc:2    | Found Nitro's Antique Weapon Boutique.
 23945 | Orc:2    | Noticed Donald
 23958 | Orc:2    | Killed Donald
 23958 | Orc:2    | Reached skill level 10 in Invocations
 24267 | Orc:2    | Bought a pitted hand crossbow for 195 gold pieces
 24627 | Lair:1   | Entered Level 1 of the Lair of Beasts
 24911 | Lair:1   | Noticed Gastronok
 24931 | Lair:1   | Killed Gastronok
 25093 | Lair:1   | Identified the +9 hand crossbow "Unnaannu" {elec, Dex+2}
                  | (You bought it in a shop on level 2 of the Orcish Mines)
 25139 | Lair:1   | Identified a scroll of acquirement
 25141 | Lair:1   | Got a sparkling steel amulet
 25157 | Lair:1   | Identified the amulet of the Robin {Harm *Drain Dex-3
                  | Slay+3 Stlth+} (You acquired it on level 1 of the Lair of
                  | Beasts)
 25708 | Lair:2   | Identified the ring of the Tempest {Wiz rF++ Int+2 Stlth-}
                  | (You found it on level 2 of the Lair of Beasts)
 25736 | Lair:2   | Found a staircase to the Snake Pit.
 25780 | Lair:2   | Found a runed translucent door.
 25780 | Lair:2   | Noticed Qucvyi Areg's ghost (journeyman DrTm)
 26099 | Lair:2   | Found a burning altar of Makhleb.
 26563 | Lair:3   | Reached XP level 15. HP: 114/114 MP: 29/29
 26941 | Lair:4   | Found a staircase to the Swamp.
 27004 | Lair:4   | Reached ****** piety under Cheibriados
 28022 | Lair:6   | Entered Level 6 of the Lair of Beasts
 28483 | Lair:5   | Reached skill level 10 in Fighting
 28483 | Lair:5   | Reached skill level 10 in Short Blades
 28483 | Lair:5   | Reached skill level 10 in Long Blades
 28483 | Lair:5   | Reached skill level 10 in Axes
 28483 | Lair:5   | Reached skill level 10 in Maces & Flails
 28483 | Lair:5   | Reached skill level 10 in Polearms
 28483 | Lair:5   | Reached skill level 10 in Staves
 28483 | Lair:5   | Reached skill level 10 in Slings
 28483 | Lair:5   | Reached skill level 10 in Bows
 28483 | Lair:5   | Reached skill level 10 in Crossbows
 28483 | Lair:5   | Reached skill level 10 in Throwing
 28483 | Lair:5   | Reached skill level 10 in Armour
 28483 | Lair:5   | Reached skill level 10 in Shields
 28483 | Lair:5   | Reached skill level 10 in Unarmed Combat
 28483 | Lair:5   | Reached skill level 10 in Evocations
 29439 | Lair:6   | Found a viscous altar of Jiyva.
 29439 | Lair:6   | Found a staircase to the Slime Pits.
 29576 | Lair:6   | Reached XP level 16. HP: 116/122 MP: 20/31
 30090 | Orc:2    | Bought dazzling quicksilver dragon scales for 1690 gold
                  | pieces
 30092 | Orc:2    | Identified the quicksilver dragon scales of Proximity
                  | {*Corrode rF+ MR+ Int+7} (You bought it in a shop on level
                  | 2 of the Orcish Mines)
 30113 | Orc:2    | Learned a level 2 spell: Shroud of Golubria
 30301 | Swamp:1  | Entered Level 1 of the Swamp
 30351 | Swamp:1  | Slain by a shambling mangrove

Levels and vault maps discovered:
D:1:      dpeg_arrival_leaves_temple_mockup, layout_basic
D:2:      layout_loops_cross, nicolae_overflow_quartered_altars,
          nicolae_ru_great_annihilating_truth
D:3:      layout_rooms, first_ration, dk_noncrumbling_3,
          minmay_misc_feat_more_columns, uniq_sigmund
D:4:      layout_basic, old_standard_altar, nicolae_overflow_hidden_temple,
          serial_shops, shop, trog_book, uniq_natasha
D:5:      layout_basic, serial_shops, shop, basic_altar, grunt_ministairs_5,
          uniq_grinder
D:6:      layout_basic
D:7:      layout_gridville, minmay_temple_entry_statues_fountains,
          uniq_menkaure, uniq_pikel
D:8:      layout_cave_pools, serial_undead, serial_undead_a, serial_undead_d,
          serial_undead_b, serial_undead_d, serial_undead_c, serial_undead_d,
          serial_undead_b, serial_undead_c
D:9:      minmay_inner_zag, layout_loops_corners
D:10:     layout_stronghold, lair_entry_dummy, grunt_ogre_cave,
          nicolae_island_escapes, uniq_erolcha, uniq_erica
D:11:     layout_basic, erik_orc_1, enter_bailey_2, serial_shops, shop,
          minmay_orc_keep
D:12:     layout_long_grid, serial_shops, shop
D:13:     layout_basic, skrybe_vaults_entry_preservation
D:14:     layout_loops_ring, nooodl_orcs_dogs
D:15:     hangedman_depths_entry_try_elsewhere_first, layout_layer_cave,
          minmay_statue_crystal_thing
Temple:   nicolae_temple_elliptical
Lair:1:   layout_cave_pods, roderic_batcave, beast_lair_carwin_7,
          minmay_lair_oklob_chamber, uniq_gastronok
Lair:2:   layout_hall_layers, dummy_snake_entry, ebering_ghost_inner_flame,
          basic_altar, infiniplex_staircase_pool_2
Lair:3:   layout_gridlike
Lair:4:   lemuel_slime, layout_loops_ring, skrybe_swamp_entry_bodies,
          serial_forest, infiniplex_forest_lined_room_2, infiniplex_forest_pool,
          infiniplex_forest_end_1, infiniplex_forest_straight_3,
          infiniplex_forest_clump_small, infiniplex_forest_lined_room_,
          chequers_serial_rivers_micro_c
Lair:5:   layout_regular_city, dpeg_stationary_puzzle
Lair:6:   gammafunk_lair_ancient_temple, layout_regular_city,
          dpeg_slime_entry_enclosed_altar, minmay_hedge_maze,
          chequers_serial_rivers_micro_b, chequers_serial_rivers_room_b,
          gammafunk_lair_bear_cave, infiniplex_staircase_pool
Swamp:1:  layout_basic_swamp, evilmike_swamp_ruin_house_5, swamp_pool2
Orc:1:    layout_caves, uniq_harold
Orc:2:    grunt_orc_gardens, layout_caves, grunt_orc_garden, grunt_orc_garden,
          grunt_orc_garden, grunt_orc_garden, nicolae_orc_bridge_out,
          okawaru_metal_pillars_1_2, uniq_donald

Skill      XL: |  1  2  3  4  5  6  7  8  9 10 11 12 13 14 15 |
---------------+----------------------------------------------+-----
Spellcasting   | 5 6 7 8 9 10 11 | 11.4
Invocations    | 1 2 3 4 5 6 7 8 9 10 11 | 11.2
Fighting       | 1 2 3 4 5 6 7 8 9 10 | 10.3
Short Blades   | 1 2 3 4 5 6 7 8 9 10 | 10.3
Long Blades    | 1 2 3 4 5 6 7 8 9 10 | 10.3
Axes           | 1 2 3 4 5 6 7 8 9 10 | 10.3
Maces & Flails | 1 2 3 4 5 6 7 8 9 10 | 10.3
Polearms       | 1 2 3 4 5 6 7 8 9 10 | 10.3
Staves         | 1 2 3 4 5 6 7 8 9 10 | 10.3
Slings         | 1 2 3 4 5 6 7 8 9 10 | 10.3
Bows           | 1 2 3 4 5 6 7 8 9 10 | 10.3
Crossbows      | 1 2 3 4 5 6 7 8 9 10 | 10.3
Throwing       | 1 2 3 4 5 6 7 8 9 10 | 10.3
Armour         | 1 2 3 4 5 6 7 8 9 10 | 10.3
Shields        | 1 2 3 4 5 6 7 8 9 10 | 10.3
Unarmed Combat | 1 2 3 4 5 6 7 8 9 10 | 10.3
Evocations     | 1 2 3 4 5 6 7 8 9 10 | 10.3
Conjurations   | 1 2 3 4 5 6 7 8 |  8.7
Hexes          | 1 2 3 4 5 6 7 8 |  8.7
Charms         | 1 2 3 4 5 6 7 8 |  8.7
Summonings     | 1 2 3 4 5 6 7 8 |  8.7
Translocations | 1 2 3 4 5 6 7 8 |  8.7
Transmutations | 1 2 3 4 5 6 7 8 |  8.7
Fire Magic     | 1 2 3 4 5 6 7 8 |  8.7
Ice Magic      | 1 2 3 4 5 6 7 8 |  8.7
Air Magic      | 1 2 3 4 5 6 7 8 |  8.7
Earth Magic    | 1 2 3 4 5 6 7 8 |  8.7
Poison Magic   | 1 2 3 4 5 6 7 8 |  8.7
Dodging        | 5 6 7 8 9 10 11 | 11.2
Stealth        | 5 6 7 8 9 10 11 | 11.1
Necromancy     | 8 9 10 11 | 11.1

Action                   |  1- 3 |  4- 6 |  7- 9 | 10-12 | 13-15 | 16-18 || total
-------------------------+-------+-------+-------+-------+-------+-------++-------
Melee: Unarmed           |     5 |       |       |       |       |       ||     5
       Dagger            |   110 |    21 |     1 |   775 |   839 |       ||  1746
       Bite              |    10 |     2 |    46 |   181 |   337 |    12 ||   588
       Punch             |     1 |       |     3 |    25 |       |       ||    29
       War axe           |       |    24 |   228 |    14 |       |       ||   266
       Whip              |       |       |    35 |     2 |       |       ||    37
       Short sword       |       |       |       |    28 |       |       ||    28
       Great sword       |       |       |       |     1 |       |       ||     1
       Scimitar          |       |       |       |       |     6 |    11 ||    17
       Double sword      |       |       |       |       |   369 |    26 ||   395
       Spear             |       |       |       |       |     3 |       ||     3
 Fire: Shortbow          |       |       |       |    89 |       |       ||    89
       Hand crossbow     |       |       |       |       |   131 |       ||   131
Throw: Stone             |    59 |    24 |    92 |   132 |    90 |       ||   397
       Dart              |       |       |     4 |    16 |    19 |       ||    39
       Boomerang         |       |       |       |    78 |   187 |     9 ||   274
       Javelin           |       |       |       |    25 |    34 |       ||    59
       Throwing net      |       |       |       |       |     1 |       ||     1
 Cast: Pain              |    23 |    98 |   144 |    24 |    20 |       ||   309
       Regeneration      |       |     2 |    19 |    48 |    36 |     2 ||   107
       Animate Dead      |       |       |       |     2 |     6 |       ||     8
       Tukima's Dance    |       |       |       |     7 |    66 |       ||    73
       Apportation       |       |       |       |       |   104 |     8 ||   112
       Confuse           |       |       |       |       |     1 |       ||     1
       Poisonous Vapours |       |       |       |       |     7 |       ||     7
       Shroud of Golubri |       |       |       |       |       |     2 ||     2
Invok: Bend Time         |       |       |     3 |    18 |    26 |     2 ||    49
       Slouch            |       |       |       |     5 |    13 |     1 ||    19
Evoke: Wand              |       |       |     5 |    17 |       |       ||    22
  Use: Scroll            |     2 |     1 |     8 |    16 |    20 |     3 ||    50
       Potion            |       |       |     2 |     3 |     4 |     1 ||    10
 Stab: Sleeping          |     5 |     3 |     7 |    14 |    15 |       ||    44
       Distracted        |     1 |       |       |       |     4 |       ||     5
       Paralysed         |       |     1 |       |       |       |       ||     1
       Confused          |       |       |       |     1 |     4 |       ||     5
  Eat: Chunk             |     2 |     6 |    16 |    16 |    25 |     1 ||    66
       Ration            |       |       |     5 |     1 |       |       ||     6
Armor: Robe              |    18 |    20 |    74 |   157 |   182 |     1 ||   452
       Skin              |       |       |       |     6 |       |       ||     6
       Quicksilver drago |       |       |       |       |       |    10 ||    10
Dodge: Dodged            |   106 |    76 |   242 |   564 |   780 |    28 ||  1796
Block: Shield            |       |       |       |    93 |   882 |    37 ||  1012
       Rpst.: Great sword |       |       |       |     1 |       |       ||     1
       Double sword      |       |       |       |       |    78 |     4 ||    82
       Scimitar          |       |       |       |       |     1 |     1 ||     2
